 Dungeon Crawl Stone Soup version 0.23.2-1-ga50397a (webtiles) character file.

Game seed: 16122425690841094048

131 Aske the Skirmisher (level 5, -1/46 HPs)
             Began as a Ghoul Monk on May 2, 2019.
             Slain by Duvessa
             ... wielding a +1 rapier of venom
              (6 damage)
             ... on level 4 of the Dungeon.
             The game lasted 00:04:09 (2326 turns).

Aske the Skirmisher (Ghoul Monk)                    Turns: 2326, Time: 00:04:10

Health: -1/46      AC:  8    Str: 15    XL:     5   Next: 14%
Magic:  4/4        EV:  6    Int:  5    God:
Gold:   98         SH:  3    Dex: 12    Spells: 4/4 levels left

rFire    . . .     SeeInvis .   a - +0 hand axe
rCold    + . .     Gourm    .   e - +0 buckler
rNeg     + + +     Faith    .   f - +0 chain mail
rPois    ∞         Spirit   .   (no helmet)
rElec    .         Reflect  .   (no cloak)
rCorr    .         Harm     .   (no gloves)
MR       .....                  (no boots)
Stlth    ..........             (no amulet)
HPRegen  0.00/turn              (no ring)
MPRegen  0.09/turn              (no ring)

@: very slightly contaminated, rotting, hasted, glowing, very quick
A: rotting body, claws 1, carnivore, cold resistance 1, negative energy
resistance 3, inhibited regeneration, torment resistance, unbreathing
a: no special abilities


You were on level 4 of the Dungeon.
You were not hungry.

You visited 1 branch of the dungeon, and saw 4 of its levels.

You collected 98 gold pieces.

Inventory:

Hand Weapons
 a - a +0 hand axe (weapon)
Armour
 e - a +0 buckler (worn)
 f - a +0 chain mail (worn)
Scrolls
 b - 2 scrolls of remove curse
 d - 2 scrolls of blinking
Potions
 k - a potion of cancellation
Comestibles
 c - 12 rations


   Skills:
 + Level 4.1 Fighting
 + Level 3.8 Axes
 + Level 1.3 Armour
 + Level 3.3 Dodging
 - Level 2.1 Stealth
 + Level 0.2 Shields


You had 4 spell levels left.
You didn't know any spells.
Your spell library contained the following spells:

 Spells                   Type           Power        Failure   Level  Hunger
 Sticks to Snakes         Tmut           #.......     100%        2    ###....
 Beastly Appendage        Tmut           Unusable     N/A         1    N/A
 Spider Form              Tmut/Pois      Unusable     N/A         3    N/A
 Ice Form                 Ice/Tmut       Unusable     N/A         4    N/A
 Blade Hands              Tmut           Unusable     N/A         5    N/A

Dungeon Overview and Level Annotations

Branches:
Dungeon (4/15)
 Temple: D:4-7

Altars:

Annotations:
D:4 Dowan, Duvessa


Innate Abilities, Weirdness & Mutations

Your body is rotting away.
You thrive on raw meat.
You are immune to poison.
You have sharp fingernails.
You are carnivorous and can eat meat at any time.
Your flesh is cold resistant. (rC+)
You are immune to negative energy. (rN+++)
You do not regenerate when monsters are visible.
You are immune to unholy pain and torment.
You can survive without breathing.


Message History

* * * LOW HITPOINT WARNING * * *
Blink to where?
Press: ? - help, Dir - move target cursor You are very lightly contaminated with residual magic.
As you read the scroll labeled HENAEFA ZUCZA, it crumbles to dust.
It was a scroll of blinking.
As you read the scroll labeled WAUPSI ELLILO, it crumbles to dust.
The scroll dissolves into smoke.
It was a scroll of fog.
As you read the scroll labeled IMEM IVIEMIRR, it crumbles to dust.
You assume a fearsome visage.
Nothing appears to happen.
It was a scroll of fear.
As you read the scroll labeled XYSHOM ZEIZ, it crumbles to dust.
It is a scroll of amnesia.
You feel forgetful for a moment.
You float gracefully downwards.
You block Duvessa's attack.
You see here 9 stones.
You hit Duvessa but do no damage.
Duvessa is lightly wounded.
Duvessa hits you with a +1 rapier of venom.
You die...

$..#.#### #.# #.[.....#
####### #.# ##.......#
#.....# # #.# #........##
#.....#.# #.#
.........<#####........ #.#
#.........##(........# #.#
#....†e...§§§......# #.#
#........##§##.#.### #.#
##.#####e##@##.#.# #..
#.#####§##e##.#.# ######
#.......e§§##.#.# ##...##
#######.#####.#.#####...(.#
#.# #.............. #.#
###............ #.#
########...## ..# ##### ###


You could see Duvessa.

Vanquished Creatures
  Natasha (D:4)
  4 adders
  An ooze (D:2)
  4 worms
  A leopard gecko (D:1)
  8 bats
  3 giant cockroaches
  7 hobgoblins
  3 jackals (D:2)
  3 frilled lizards
  6 goblins
  7 kobolds
  10 rats
58 creatures vanquished.

Notes
Turn   | Place    | Note
-------+----------+-------------------------------------------
     0 | D:1      | Aske the Ghoul Monk began the quest for the Orb.
     0 | D:1      | Reached XP level 1. HP: 19/19 MP: 0/0
   141 | D:1      | Reached XP level 2. HP: 26/26 MP: 1/1
   615 | D:2      | Reached XP level 3. HP: 24/33 MP: 2/2
  1229 | D:2      | Reached XP level 4. HP: 26/40 MP: 3/3
  1583 | D:3      | Reached skill level 4 in Fighting
  1841 | D:3      | Reached skill level 1 in Armour
  2285 | D:4      | Noticed Duvessa
  2285 | D:4      | Noticed Natasha
  2286 | D:4      | Noticed Dowan
  2308 | D:4      | Killed Natasha
  2308 | D:4      | Reached XP level 5. HP: 22/46 MP: 4/4
  2326 | D:4      | Slain by Duvessa

Skill      XL: |  1  2  3  4 |
---------------+-------------+-----
Dodging        | 3 |  3.3
Axes           | 3 |  3.8
Fighting       | 4 |  4.1
Armour         | 1 |  1.3
Stealth        | |  2.1
Shields        | |  0.2

Action                   |  1- 3 |  4- 6 || total
-------------------------+-------+-------++-------
Melee: Hand axe          |   134 |   139 ||   273
  Use: Scroll            |     1 |     7 ||     8
       Potion            |       |     3 ||     3
 Stab: Sleeping          |     1 |       ||     1
  Eat: Chunk             |     5 |    10 ||    15
Armor: Ring mail         |    15 |       ||    15
       Chain mail        |    60 |    75 ||   135
Dodge: Dodged            |    55 |    41 ||    96
Block: Buckler           |    18 |    16 ||    34
